Map: Sequencer

Players

Rob - Winner!

  • Race: Protoss Protoss
  • League: Grandmaster
  • Spawn Location: 1:00

Jason

  • Race: Terran Terran
  • League: Grandmaster
  • Spawn Location: 7:00

VOD

Have the link to the VOD?

Description

Time

  • Played on: May 13, 2019, 7:19 p.m.
  • Length: 8:11
Show
View Real Time Build Order
Export as new Build Order

Rob Protoss - Winner!

Build Orders: 1 Gate Expand, Oracle Opening 

Get SALT Encoding   

  12  0:00  Probe  
  13  0:12  Probe  
  14  0:18  Pylon  
  14  0:24  Probe  
  15  0:32  Probe  
  15  0:36  Gateway  
  15  0:40  Probe  
  16  0:46  Assimilator  
  17  0:51  Probe  
  18  1:03  Probe  
  19  1:15  Probe  
  20  1:24  Nexus  
  21  1:35  Cybernetics Core  
  21  1:36  Probe  
  21  1:42  Assimilator  
  21  1:48  Probe  
  21  1:52  Pylon  
  22  2:00  Probe  
  22  2:01  Stalker  
  23  2:12  Probe  
  26  2:18  Pylon  
  26  2:24  Warp Gate, Probe  
  27  2:31  Stalker  
  29  2:37  Probe  
  29  2:42  Stargate  
  30  2:48  Probe  
  30  2:49  Probe  
  32  3:00  Probe  
  32  3:01  Probe  
  34  3:11  Shield Battery  
  34  3:13  Oracle, Probe x2  
  36  3:25  Probe x2  
  41  3:30  Gateway  
  41  3:32  Gateway  
  41  3:37  Probe  
  41  3:39  Probe  
  43  3:42  Oracle  
  43  3:43  Pylon  
  43  3:49  Probe  
  43  3:51  Probe  
  48  4:01  Pylon  
  48  4:02  Probe  
  49  4:03  Probe  
  49  4:05  Assimilator  
  49  4:08  Assimilator  
  50  4:16  Probe  
  50  4:17  Probe  
  52  4:20  Zealot  
  52  4:22  Shield Battery  
  54  4:29  Probe  
  55  4:31  Fleet Beacon  
  55  4:36  Probe  
  56  4:41  Probe  
  56  4:43  Sentry x2, Mothership  
  61  4:45  Gateway  
  61  4:47  Gateway  
  61  4:48  Probe  
  61  4:52  Pylon  
  62  4:57  Pylon  
  62  5:02  Zealot  
  64  5:10  Zealot x2  
  76  5:28  Zealot, Pylon  
  76  5:33  Stalker x2  
  82  5:40  Stalker  
  82  5:52  Pylon  
  82  5:53  Pylon  
  79  6:00  Zealot x3  
  85  6:06  Gateway  
  85  6:11  Gateway  
  85  6:14  Pylon, Gateway  
  85  6:17  Zealot  
  87  6:19  Sentry  
  87  6:21  Sentry  
  87  6:22  Sentry x2  
  95  6:28  Pylon  
  95  6:36  Pylon  
  95  6:38  Pylon  
  95  6:43  Stalker x2  
  99  6:54  Stalker x3  
  101  6:58  Pylon  
  104  7:04  Zealot  
  104  7:07  Zealot  
  100  7:17  Pylon  
  100  7:20  Pylon  
  100  7:24  Pylon  
  100  7:26  Stalker x2  
  100  7:27  Sentry x2  
  108  7:30  Sentry  
  109  7:49  Stalker x5  
  119  7:52  Stalker  
  119  7:57  Pylon  
Show
View Real Time Build Order
Export as new Build Order

Jason Terran 

Build Orders: Gas First Reaper Expand 

Get SALT Encoding   

  12  0:01  SCV  
  13  0:13  SCV  
  14  0:20  Supply Depot  
  14  0:25  SCV  
  15  0:31  Refinery  
  15  0:41  SCV  
  16  0:48  Barracks  
  16  0:54  SCV  
  17  1:06  SCV  
  18  1:18  SCV  
  19  1:35  Reaper, Orbital Command  
  20  1:50  Command Center  
  20  2:01  Barracks  
  20  2:02  SCV  
  20  2:08  Barracks Reactor  
  21  2:14  SCV  
  22  2:17  Supply Depot  
  22  2:26  SCV  
  23  2:30  Factory  
  23  2:37  Refinery  
  23  2:38  SCV  
  24  2:45  Marine  
  24  2:46  Marine  
  24  2:50  Barracks Tech Lab  
  26  2:52  SCV  
  27  3:03  Orbital Command  
  27  3:05  Marine x2  
  27  3:06  SCV  
  27  3:09  Marine  
  31  3:16  Stimpack  
  31  3:19  SCV  
  32  3:27  Starport  
  31  3:28  Marine  
  31  3:30  Marine  
  31  3:33  Marine  
  34  3:35  Factory Reactor  
  34  3:37  SCV  
  34  3:39  SCV  
  36  3:45  Bunker  
  36  3:50  Marine  
  36  3:51  Supply Depot, Marine  
  36  3:53  Marine  
  39  3:56  SCV  
  39  3:57  SCV  
  40  4:08  Marine  
  40  4:09  Marine, Supply Depot  
  40  4:11  SCV  
  40  4:13  Marine  
  40  4:19  SCV  
  40  4:21  Medivac  
  40  4:22  Medivac  
  45  4:24  Widow Mine  
  45  4:28  SCV  
  45  4:31  SCV  
  48  4:34  Marine  
  48  4:38  Marine  
  48  4:40  SCV  
  48  4:43  SCV  
  51  4:47  Widow Mine  
  51  4:52  SCV  
  54  4:55  SCV, Marine  
  54  4:56  Marine  
  57  5:04  SCV, Supply Depot, Marine  
  59  5:13  Marine x2  
  56  5:14  SCV  
  56  5:16  SCV  
  57  5:22  Marine  
  57  5:24  Widow Mine  
  57  5:26  SCV  
  59  5:35  Marine x2  
  59  5:38  SCV x2  
  59  5:39  Medivac  
  64  5:50  SCV  
  64  5:54  SCV  
  64  5:56  Marine x2  
  63  5:59  Marine  
  63  6:02  SCV  
  63  6:03  Widow Mine  
  65  6:06  SCV  
  65  6:07  Engineering Bay  
  64  6:14  Marine x2  
  64  6:15  SCV  
  64  6:16  Marine  
  68  6:18  SCV  
  68  6:21  Engineering Bay  
  68  6:22  Combat Shield  
  69  6:27  SCV  
  70  6:34  Supply Depot  
  70  6:35  Supply Depot  
  70  6:44  Marine x3  
  70  6:45  SCV x2, Supply Depot  
  75  6:52  Medivac  
  75  6:57  SCV x2  
  77  7:02  Marine x3  
  78  7:09  SCV x2  
  78  7:16  Medivac  
  78  7:18  Command Center  
  78  7:20  Marine x3  
  78  7:21  SCV x2  
  85  7:25  Barracks  
  85  7:26  Barracks  
  85  7:32  Refinery  
  85  7:33  SCV x2, Refinery  
  77  7:38  Marine x2  
  77  7:41  Marine  
  78  7:45  SCV x2  
  78  7:46  Factory Reactor  
  80  7:53  Barracks  
  80  7:55  Bunker  
Tags
 
Add a new tag
Caveats
  • Supply blocks, unpowered buildings, or Contaminate may cause inaccurate times.
  • Supply counts are checked every 10 seconds.